 Dungeon Crawl Stone Soup version 0.21.1-1-g345015fe64 (webtiles) character file.

12404 Gobser the Basher (level 11, -9/76 HPs)
             Began as a Yellow Draconian Gladiator on May 17, 2018.
             Was an Elder of Hepliaklqana.
             Mangled by a merfolk
             ... wielding a +0 trident
              (16 damage)
             ... on level 3 of the Lair of Beasts on May 18, 2018.
             The game lasted 00:55:39 (9982 turns).

Gobser the Basher (Yellow Draconian Gladiator)      Turns: 9982, Time: 00:55:41

Health: -9/76      AC: 10    Str: 26    XL:     11   Next: 62%
Magic:  13/13      EV: 15    Int: 10    God:    Hepliaklqana [****..]
Gold:   655        SH:  0    Dex: 10    Spells: 10/10 levels left

rFire    + . .     SeeInvis .   c - +4 flail (elec)
rCold    . . .     Gourm    .   (no shield)
rNeg     . . .     Faith    .   (armour unavailable)
rPois    .         Spirit   .   b - +2 hat
rElec    .         Reflect  .   (no cloak)
rCorr    +         Harm     .   A - +0 pair of gloves
MR       .....                  (no boots)
Stlth    ++++......             l - amulet of regeneration
HPRegen  0.62/turn              z - ring of protection from fire
MPRegen  0.13/turn              (no ring)

@: mighty, short of breath, mesmerised
A: spit acid, acid resistance, unfitting armour, reduced essence, antennae 1,
camouflage 1, clumsy 1, frail 1, strong 1, cold-blooded, AC +7
a: Breathe Acid, Recall Ancestor, Ancestor Identity, Transference, Idealise,
Renounce Religion


You were on level 3 of the Lair of Beasts.
You worshipped Hepliaklqana.
Hepliaklqana was greatly pleased with you.
You were not hungry.

You visited 3 branches of the dungeon, and saw 13 of its levels.
You also visited: Ossuary.

You collected 655 gold pieces.

Inventory:

Hand Weapons
 c - a +4 flail of electrocution (weapon)
Missiles
 e - a throwing net
 j - 5 javelins (quivered)
 m - 4 tomahawks
Armour
 b - a +2 hat (worn)
 A - a +0 pair of gloves (worn)
Magical Staves
 y - an uncursed staff of fire
Jewellery
 l - an amulet of regeneration (around neck)
 z - a ring of protection from fire (left hand)
Wands
 a - a wand of paralysis (17)
 f - a wand of iceblast (3)
 g - a wand of random effects (18)
 p - a wand of disintegration (12)
Scrolls
 h - 7 scrolls of remove curse
 i - 4 scrolls of magic mapping
 k - 9 scrolls of identify
 n - 4 scrolls of teleportation
 q - 5 scrolls of amnesia
Potions
 o - a potion of might
 r - a potion of brilliance
 s - a potion of curing
 x - 2 potions of cancellation
 C - a potion of flight
Books
 t - a book of Fire

   Spells                             Type                      Level
   a - Ignite Poison                  Fire/Transmutation/Poison    3
   b - Fireball                       Conjuration/Fire             5
   c - Bolt of Fire                   Conjuration/Fire             6
   d - Ring of Flames                 Charms/Fire                  7
   e - Ignition                       Fire                         8
 w - a book of Geomancy

   Spells                             Type                      Level
   a - Sandblast                      Earth                        1
   b - Passwall                       Transmutation/Earth          2
   c - Stone Arrow                    Conjuration/Earth            3
   d - Petrify                        Transmutation/Earth          4
   e - Lee's Rapid Deconstruction     Earth                        5
 B - a book of Necromancy

   Spells                             Type                      Level
   a - Pain                           Necromancy                   1
   b - Animate Skeleton               Necromancy                   1
   c - Vampiric Draining              Necromancy                   3
   d - Regeneration                   Charms/Necromancy            3
   e - Animate Dead                   Necromancy                   4
   f - Borgnjor's Vile Clutch         Necromancy/Earth             5
Miscellaneous
 u - a phial of floods
Comestibles
 d - 19 rations


   Skills:
 + Level 8.4 Fighting
 * Level 13.3 Maces & Flails
   Level 3.2 Polearms
 + Level 4.3 Throwing
 + Level 7.0 Dodging
 - Level 4.6 Stealth
 * Level 3.4 Invocations


You had 10 spell levels left.
You didn't know any spells.

Dungeon Overview and Level Annotations

Branches:
Dungeon (9/15)             Temple (1/1) D:4            Lair (3/6) D:9
 Shoals (0/4) Lair:3
  Snake: Lair:2-4    Spider: Lair:2-4       Orc: D:9-12

Altars:
Ashenzari
Cheibriados
Dithmenos
Elyvilon
Gozag
Hepliaklqana
Kikubaaqudgha
Makhleb
Nemelex Xobeh
Okawaru
Qazlal
Ru
Sif Muna
Trog
Uskayaw
Vehumet
Wu Jian
Yredelemnul
Zin
The Shining One
Beogh

Annotations:
D:4 Freyura's ghost, novice GnFi


Innate Abilities, Weirdness & Mutations

You can spit globs of acid.
You are resistant to acid.
Your golden yellow scales are hard. (AC +7)
You cannot fit into any form of body armour.
You are cold-blooded and may be slowed by cold attacks.
Your life essence is reduced to manifest your ancestor. (-10% HP)
You have a pair of small antennae on your head.
Your skin changes colour to match your surroundings (Stealth+).
You are clumsy. (Dex -2)
You are frail. (-10% HP)
Your muscles are strong. (Str +2)


Message History

The merfolk siren chants its luring song.
Press: ? - help, Shift-Dir - straight line, f - merfolk
Aim: a merfolk, wielding a trident (moderately wounded) Really spit at your ally Eanasir?
Okay, then.
Press: ? - help, Shift-Dir - straight line, f - merfolk, p - merfolk
Aim: a merfolk, wielding a trident You spit a glob of acid.
The glob of acid hits the merfolk.
The merfolk is splashed with acid.
The acid corrodes the merfolk!
The merfolk is heavily wounded.
The merfolk is splashed with acid.
The acid corrodes the merfolk!
The acid splashes onto the merfolk!
The merfolk is splashed with acid.
You feel somewhat more hungry.
The merfolk siren chants its luring song.
The merfolk hits you with a trident.
* * * LOW HITPOINT WARNING * * *
The merfolk siren chants its luring song.
Eanasir hits the merfolk with a quarterstaff!
The merfolk hits you from afar with a trident!
You die...

.## #.##P.........# .P#
#..........#.##
.#####.......##....#
..#P#.#.....####...##
P...........#.#.....#
#....##...##...###.....#
##..#####......≈.###.###
#..# ##....#.R≈≈###≈≈
....# #..##.#.@mm≈≈≈≈.
....# #...#####.m#m#..
...#. .. ..# ##...#
...... . ... #### ....>.


You could see the friendly Eanasir the battlemage, 2 merfolk and 2 merfolk
sirens.

Vanquished Creatures
  Gastronok (Lair:3)
  2 two-headed ogres (D:9)
  An orc sorcerer (D:7)
  4 spiny frogs
  2 komodo dragons (Lair:2)
  A polar bear (Lair:2)
  Sigmund (D:5)
  2 basilisks (Lair:2)
  Edmund (D:5)
  A porcupine (Lair:1)
  2 orc warriors
  A black bear (D:9)
  An eye of draining (D:8)
  2 ogres
  A phantom (D:8)
  4 wolves (Lair:2)
  4 centaurs
  3 crocodiles
  The ghost of yann the Magician, an amateur OpWz (D:3)
  5 bullfrogs
  2 scorpions
  A howler monkey (D:9)
  A crimson imp (D:5)
  2 quasits
  A centaur zombie (D:5)
  6 hounds
  A jelly (D:8)
  5 orc priests
  8 orc wizards
  3 bullfrog skeletons
  2 worker ants (D:4)
  2 hound zombies (Ossuary)
  4 mummies
  2 gnolls (D:8)
  A howler monkey zombie (D:7)
  11 adders
  A river rat (D:3)
  A shadow imp (D:8)
  2 oozes
  An adder zombie (Ossuary)
  An adder skeleton (D:9)
  A worm (D:2)
  2 dart slugs
  2 leopard geckos
  42 orcs
  3 ball pythons (D:3)
  7 bats
  9 giant cockroaches
  A gnoll zombie (Ossuary)
  4 goblins
  6 hobgoblins
  8 jackals (D:3)
  3 quokkas
  3 frilled lizards (D:3)
  A goblin zombie (D:7)
  3 hobgoblin zombies (Ossuary)
  4 jackal zombies (Ossuary)
  5 kobolds
  A leopard gecko zombie (D:5)
  3 orc zombies
  3 quokka zombies (Ossuary)
  8 rats
  4 rat zombies (Ossuary)
  A plant (Lair:3)
222 creatures vanquished.

Vanquished Creatures (collateral kills)
  An orc sorcerer (D:7)
  2 spiny frogs
  A komodo dragon (Lair:2)
  A hippogriff (Lair:2)
  2 basilisks
  2 wargs (D:9)
  2 orc warriors
  2 wolves (Lair:2)
  2 ogres (D:8)
  2 elf zombies (Ossuary)
  4 bullfrogs
  A gnoll sergeant (D:8)
  A scorpion (D:9)
  A howler monkey (D:9)
  A crimson imp (D:7)
  A bullfrog zombie (D:8)
  2 hounds
  2 human zombies (Ossuary)
  An orc priest (D:8)
  2 orc wizards
  A worker ant (D:6)
  2 hound zombies
  A gnoll (D:8)
  2 adders
  An adder skeleton (D:9)
  An adder zombie (Ossuary)
  14 orcs
  A quokka (D:8)
  A goblin zombie (Ossuary)
  A jackal zombie (Ossuary)
  A kobold zombie (Ossuary)
  An orc zombie (Ossuary)
  A quokka zombie (Ossuary)
  2 rat zombies (Ossuary)
63 creatures vanquished.

Vanquished Creatures (others)
  3 battlemagi
  An ancestor (D:4)
4 creatures vanquished.

Grand Total: 289 creatures vanquished

Notes
Turn   | Place    | Note
-------+----------+-------------------------------------------
     0 | D:1      | Gobser the Draconian Gladiator began the quest for the Orb.
     0 | D:1      | Reached XP level 1. HP: 17/17 MP: 1/1
   228 | D:1      | Reached XP level 2. HP: 24/24 MP: 2/2
   548 | D:1      | Gained mutation: You have sharp toenails. [potion of mutation]
   548 | D:1      | Gained mutation: You are robust. (+10% HP) [potion of mutation]
   918 | D:2      | Reached skill level 1 in Maces & Flails
   918 | D:2      | Reached XP level 3. HP: 22/33 MP: 3/3
  1145 | D:2      | Found a deep blue altar of Sif Muna.
  1360 | D:3      | Noticed yann's ghost (amateur OpWz)
  1403 | D:3      | Killed yann's ghost
  1403 | D:3      | Reached skill level 2 in Maces & Flails
  1403 | D:3      | Reached XP level 4. HP: 40/40 MP: 4/4
  1611 | D:3      | Found a sacrificial altar of Ru.
  1612 | D:3      | Reached XP level 5. HP: 46/49 MP: 5/5
  1808 | D:3      | Reached skill level 1 in Stealth
  1828 | D:3      | Lost mutation: You are robust. (+10% HP) [potion of mutation]
  1828 | D:3      | Lost mutation: You have sharp toenails. [potion of mutation]
  1828 | D:3      | Gained mutation: You are covered in fur. (AC +1) [potion of mutation]
  1828 | D:3      | Gained mutation: You have a pair of small horns on your head. [potion of mutation]
  1828 | D:3      | Gained mutation: You tend to lose your temper in combat. [potion of mutation]
  1828 | D:3      | Gained mutation: Your skin changes colour to match your surroundings (Stealth+). [potion of mutation]
  1829 | D:3      | Lost mutation: You tend to lose your temper in combat. [potion of mutation]
  1829 | D:3      | Lost mutation: You have a pair of small horns on your head. [potion of mutation]
  1829 | D:3      | Lost mutation: You are covered in fur. (AC +1) [potion of mutation]
  1829 | D:3      | Gained mutation: You are clumsy. (Dex -2) [potion of mutation]
  1829 | D:3      | Gained mutation: You are frail. (-10% HP) [potion of mutation]
  1829 | D:3      | Gained mutation: Your muscles are strong. (Str +2) [potion of mutation]
  1829 | D:3      | Gained mutation: You have a pair of small antennae on your head. [potion of mutation]
  1952 | D:3      | Found a shadowy altar of Dithmenos.
  2109 | D:3      | Found a glowing drain.
  2556 | D:3      | Reached skill level 3 in Maces & Flails
  2677 | D:4      | Noticed a centaur
  2690 | D:4      | Killed a centaur
  2690 | D:4      | Reached XP level 6. HP: 12/45 MP: 6/6
  2832 | D:4      | Noticed Freyura's ghost (novice GnFi)
  2909 | D:4      | Reached skill level 4 in Maces & Flails
  2909 | D:4      | Your scales start taking on a golden yellow colour.
  2909 | D:4      | Reached XP level 7. HP: 18/51 MP: 7/7
  3193 | D:4      | Found a staircase to the Ecumenical Temple.
  3220 | Temple   | Entered the Ecumenical Temple
  3301 | Temple   | Became a worshipper of Hepliaklqana the Forgotten
  3606 | D:5      | Entered Level 5 of the Dungeon
  3736 | D:5      | Noticed Sigmund
  3756 | D:5      | Killed Sigmund
  3756 | D:5      | Reached skill level 5 in Maces & Flails
  3849 | D:5      | Noticed Edmund
  3880 | D:5      | Killed Edmund
  4000 | D:5      | Reached XP level 8. HP: 45/52 MP: 8/8
  4045 | D:5      | Reached skill level 6 in Maces & Flails
  4104 | D:5      | Reached * piety under Hepliaklqana
  4284 | D:5      | Reached skill level 7 in Maces & Flails
  5386 | D:7      | Reached ** piety under Hepliaklqana
  5402 | D:7      | Remembered your ancestor Eanasir as a battlemage
  5485 | D:7      | Found a sand-covered staircase.
  5492 | Ossuary  | Entered an ossuary
  5509 | Ossuary  | Reached skill level 5 in Dodging
  5689 | Ossuary  | Reached skill level 5 in Fighting
  5689 | Ossuary  | Reached skill level 8 in Maces & Flails
  5903 | D:7      | Reached XP level 9. HP: 58/59 MP: 9/9
  5990 | D:7      | Noticed an orc sorcerer
  5996 | D:7      | Noticed an ice devil
  5997 | D:7      | Noticed an orange demon
  6001 | D:7      | Noticed a hellwing
  6008 | D:7      | Killed an orc sorcerer
  6008 | D:7      | Reached skill level 9 in Maces & Flails
  6011 | D:7      | Noticed an orc sorcerer
  6016 | D:7      | Noticed an orange demon
  6017 | D:7      | Killed an orc sorcerer
  6524 | D:8      | Reached *** piety under Hepliaklqana
  6685 | D:8      | Reached skill level 10 in Maces & Flails
  6992 | D:8      | Reached XP level 10. HP: 38/66 MP: 10/10
  7055 | D:8      | Found a roughly hewn altar of Beogh.
  7393 | D:9      | Found a staircase to the Lair.
  7399 | D:9      | Noticed a two-headed ogre
  7399 | D:9      | Reached skill level 11 in Maces & Flails
  7402 | D:9      | HP: 2/67 [orc warrior/battleaxe (20)]
  7411 | D:9      | Killed a two-headed ogre
  7414 | D:9      | Noticed a two-headed ogre
  7419 | D:9      | Killed a two-headed ogre
  7561 | D:9      | Found a glowing golden altar of the Shining One.
  7562 | D:9      | Found a sacrificial altar of Ru.
  7567 | D:9      | Found a radiant altar of Vehumet.
  7569 | D:9      | Found a shattered altar of Ashenzari.
  7569 | D:9      | Found a bloodstained altar of Trog.
  7573 | D:9      | Found a sparkling altar of Nemelex Xobeh.
  7573 | D:9      | Found a snail-covered altar of Cheibriados.
  7574 | D:9      | Found a hide-covered altar of Uskayaw.
  7678 | Lair:1   | Entered Level 1 of the Lair of Beasts
  7755 | Lair:1   | Reached skill level 12 in Maces & Flails
  7836 | Lair:1   | Reached **** piety under Hepliaklqana
  8215 | Lair:1   | Noticed a spiny frog
  8226 | Lair:1   | Killed a spiny frog
  8365 | Lair:2   | Noticed a spiny frog
  8374 | Lair:2   | Killed a spiny frog
  8469 | Lair:2   | Reached skill level 1 in Invocations
  8742 | Lair:2   | Reached XP level 11. HP: 69/73 MP: 11/11
  9426 | Lair:2   | Reached skill level 13 in Maces & Flails
  9759 | Lair:3   | Noticed Gastronok
  9769 | Lair:3   | Killed Gastronok
  9972 | Lair:3   | Found a staircase to the Shoals.
  9982 | Lair:3   | Mangled by a merfolk

Skill      XL: |  1  2  3  4  5  6  7  8  9 10 11 |
---------------+----------------------------------+-----
Dodging        | 3 4 5 6 7 |  7.0
Maces & Flails | 1 2 3 4 5 8 10 12 13 | 13.3
Throwing       | 2 3 4 |  4.3
Fighting       | 3 5 7 8 |  8.4
Stealth        | 1 2 3 4 |  4.6
Invocations    | 1 3 |  3.4
Polearms       | |  3.2

Action                   |  1- 3 |  4- 6 |  7- 9 | 10-12 || total
-------------------------+-------+-------+-------+-------++-------
Melee: Trident           |    21 |       |       |       ||    21
       Tailslap          |     4 |    10 |    42 |    26 ||    82
       Whip              |    68 |   123 |    90 |       ||   281
       Kick              |     6 |     8 |       |       ||    14
       Flail             |       |       |   281 |   179 ||   460
Throw: Javelin           |    11 |    48 |     9 |     3 ||    71
       Throwing net      |     4 |     5 |     1 |     1 ||    11
       Tomahawk          |       |     2 |     2 |       ||     4
Invok: Ancestor Identity |       |       |     1 |       ||     1
       Recall Ancestor   |       |       |     2 |     1 ||     3
       Ancestor Life: Ba |       |       |     1 |       ||     1
 Abil: Breathe Acid      |       |       |     1 |     3 ||     4
Evoke: Wand              |       |       |     1 |       ||     1
  Use: Potion            |     7 |     9 |     9 |    11 ||    36
       Scroll            |     5 |     2 |    11 |    10 ||    28
 Stab: Sleeping          |     1 |     2 |    16 |     4 ||    23
       Held in net/web   |       |     1 |     3 |       ||     4
       Distracted        |       |       |     1 |       ||     1
  Eat: Ration            |     1 |     1 |     4 |     3 ||     9
Armor: Skin              |    36 |    32 |   105 |    36 ||   209
Dodge: Dodged            |    67 |    68 |   253 |   134 ||   522
